 Dungeon Crawl Stone Soup version 0.20.1-1-g8b1a95d (webtiles) character file.

33 Goboxel the Insei (level 3, -1/28 HPs)
             Began as a Draconian Transmuter on July 9, 2017.
             Slain by an orc
             ... wielding a +0 dagger
              (4 damage)
             ... on level 4 of the Dungeon.
             The game lasted 00:02:51 (1707 turns).

Goboxel the Insei (Draconian Transmuter)            Turns: 1707, Time: 00:02:51

Health: -1/28      AC:  6    Str: 12    XL:     3   Next: 12%
Magic:  6/6        EV: 12    Int: 13    God:
Gold:   120        SH:  0    Dex: 12    Spells: 3/6 levels left

rFire    . . .     SeeInvis .     - Unarmed
rCold    . . .     Gourm    .   (no shield)
rNeg     . . .     Faith    .   (armour unavailable)
rPois    .         Spirit   .   (helmet restricted)
rElec    .         Reflect  .   n - +0 cloak
rCorr    .         Harm     .   (no gloves)
MR       .....                  (no boots)
Stlth    +.........             (no amulet)
Regen    0.1/turn               (no ring)
MPRegen  0.1/turn               (no ring)

@: lethally poisoned (-1 -> -13), drained
A: unfitting armour, cold-blooded, AC +5
a: no special abilities


You were on level 4 of the Dungeon.
You were hungry.

You visited 1 branch of the dungeon, and saw 3 of its levels.

You collected 120 gold pieces.

Inventory:

Hand Weapons
 d - a +0 dagger of draining
Missiles
 a - 76 arrows
Armour
 n - a +0 cloak (worn)
Scrolls
 e - 2 scrolls of teleportation {unknown}
 f - 3 scrolls of remove curse {unknown}
 g - 3 scrolls of identify {unknown}
 h - 3 scrolls of enchant armour {unknown}
 k - a scroll of recharging {unknown}
 m - a scroll of blinking {unknown}
Potions
 i - a potion of heal wounds {unknown}
 j - a potion of curing {unknown}
Books
 b - a book of Changes

   Spells                             Type                      Level
   a - Beastly Appendage              Transmutation                1
   b - Sticks to Snakes               Transmutation                2
   c - Spider Form                    Transmutation/Poison         3
   d - Ice Form                       Ice/Transmutation            4
   e - Blade Hands                    Transmutation                5
Comestibles
 c - 3 bread rations


   Skills:
 + Level 1.5(0.9) Fighting
 + Level 2.2(1.6) Dodging
 + Level 3.3(2.6) Unarmed Combat
 + Level 2.1(1.5) Spellcasting
 + Level 2.4(1.7) Transmutations


You had 3 spell levels left.
You knew the following spells:

 Your Spells              Type           Power        Failure   Level  Hunger
a - Beastly Appendage     Tmut           #.....       13%         1    ##.....
b - Sticks to Snakes      Tmut           #.......     19%         2    ###....


Dungeon Overview and Level Annotations

Branches:
Dungeon (2/15)

Altars:

Annotations:
D:4 lotsofdiagrams's ghost, amateur HuCj


Innate Abilities, Weirdness & Mutations

Your plain brown scales are hard. (AC +5)
You cannot fit into any form of body armour.
You are cold-blooded and may be slowed by cold attacks.


Message History

Lotsofdiagrams's ghost (amateur Human Conjurer) comes into view.
It is wielding a weapon of draining.
You feel sick.
The orc wizard gestures at you while chanting.
The puff of flame hits you!
* * * LOW HITPOINT WARNING * * *
The orc misses you. The worker ant completely misses you.
Unknown command.
* * * LOW HITPOINT WARNING * * *
You feel sick. The orc wizard closely misses you.
The orc wizard hits you with a dagger.
* * * LOW HITPOINT WARNING * * *
The orc hits you with a hand axe.
* * * LOW HITPOINT WARNING * * *
* * * LOW HITPOINT WARNING * * *
You feel sick.
The orc wizard gestures wildly while chanting.
The orc wizard flickers and vanishes!
Deactivating autopickup; reactivate with Ctrl-A.
The orc barely misses you. The orc hits you with a dagger.
You die...

..(.# ...?. #...###
.....# ## ..:..#.
#..#.# ###.o#.#
#....@<# ###.ao.#
..###..{.#
..........#
....####..# ##.
#...# # #...#
..###..#########.#
..................#


You could see a worker ant and 2 orcs.

Vanquished Creatures
  3 dart slugs
  A ball python (D:2)
  4 bats (D:2)
  A giant cockroach (D:2)
  4 goblins
  3 hobgoblins (D:2)
  5 frilled lizards
  3 kobolds
  2 rats
26 creatures vanquished.

Notes
Turn   | Place    | Note
-------+----------+-------------------------------------------
     0 | D:1      | Goboxel the Draconian Transmuter began the quest for the Orb.
     0 | D:1      | Reached XP level 1. HP: 16/16 MP: 3/3
   506 | D:1      | Reached XP level 2. HP: 23/23 MP: 5/5
  1012 | D:2      | Learned a level 2 spell: Sticks to Snakes
  1439 | D:2      | Reached XP level 3. HP: 23/28 MP: 6/6
  1689 | D:2      | You fall through a shaft for 2 floors!
  1705 | D:4      | Noticed lotsofdiagrams's ghost (amateur HuCj)
  1707 | D:4      | Slain by an orc

Skill      XL: |  1  2 |
---------------+-------+-----
Dodging        | 2 |  2.2
Fighting       | |  1.5
Unarmed Combat | |  3.3
Spellcasting   | |  2.1
Transmutations | |  2.4

Action                   || total
-------------------------++-------
Melee: Unarmed           ||    71
       Dagger            ||    22
       Tailslap          ||    14
       Headbutt          ||     1
 Cast: Beastly Appendage ||     3
 Stab: Sleeping          ||     1
  Eat: Chunk             ||     2
Armor: Skin              ||    24
Dodge: Dodged            ||    93
